 Dungeon Crawl Stone Soup version 0.31-a0-986-g5e6e4ef867 (webtiles) character file.

Game seed: 10288206274673205765

413 Firecrotchwizard the Ruffian (level 6, -2/32 HPs)
             Began as a Vine Stalker Shapeshifter on Nov 17, 2023.
             Was an Initiate of Gozag.
             Slain by an orc priest
             ... wielding a +0 war axe
              (8 damage)
             ... on level 5 of the Dungeon.
             The game lasted 00:06:07 (3075 turns).

Firecrotchwizard the Ruffian (VSSh)                 Turns: 3075, Time: 00:06:07

Health: -2/32      AC:  5    Str: 24    XL:     6   Next: 90%
Magic:  0/7        EV: 11    Int: 10    God:    Gozag
Gold:   262        SH:  0    Dex: 14    Spells: 5/5 levels left

rFire   . .          .
                       - Unarmed
rCold   . . .        (no shield)
rNeg    . . .        t - +2 leather armour {rPois}
rPois   +            (helmet currently unavailable)
rElec   .            (cloak currently unavailable)
rCorr   .            (gloves currently unavailable)
SInv    .            (boots currently unavailable)
Will    .....        (no amulet)
Stlth   +            g - ring of poison resistance
HPRegen 1.05/turn    B - +6 ring of strength
MPRegen 0.10/turn

%: guardian spirit
@: beast-form, gold aura
A: beast (slay +2), fangs 2, regeneration 1, magic shield, antimagic bite, no
potion heal 2
a: Begin Untransformation, Renounce Religion, Potion Petition, Call Merchant,
Bribe Branch


You were on level 5 of the Dungeon.
You worshipped Gozag.
Gozag was aware of your devotion.
You were a hulking beast.
You visited 2 branches of the dungeon, and saw 6 of its levels.

You collected 302 gold pieces.
You paid 40 gold pieces to Gozag.

Inventory:

Missiles
 h - 16 poisoned darts
 F - a throwing net {@!f}
Armour
 a - a +0 animal skin
 e - a +0 leather armour
 m - a +0 ring mail
 r - a +0 helmet
 t - a +2 leather armour of poison resistance (worn)
Jewellery
 g - a ring of poison resistance (left hand)
 B - a +6 ring of strength (right hand)
 D - a ring of ice
Talismans
 c - a beast talisman
 d - a flux talisman
Wands
 u - a wand of paralysis (9)
Scrolls
 i - a scroll of immolation {unknown}
 j - a scroll of silence {unknown}
 l - a scroll of butterflies {unknown}
 n - 2 scrolls of enchant weapon {unknown}
 o - a scroll of vulnerability {unknown}
 p - a scroll of teleportation {unknown}
 q - 4 scrolls of identify {unknown}
 y - a scroll of noise {unknown}
 z - a scroll of acquirement {unknown}
 G - a scroll of amnesia {unknown}
 H - a scroll of fog {unknown}
Potions
 b - 3 potions of lignification
 f - 4 potions of enlightenment {unknown}
 k - 4 potions of curing {unknown}
 s - a potion of attraction {unknown}
 v - 2 potions of degeneration {unknown}
 w - a potion of mutation {unknown}
 x - a potion of might {unknown}
 A - a potion of haste {unknown}
 C - 2 potions of heal wounds {unknown}
 E - a potion of resistance {unknown}


   Skills:
 + Level 3.0 Fighting
 - Level 1.5 Dodging
 * Level 5.7 Unarmed Combat
 + Level 4.3 Shapeshifting


You had 5 spell levels left.
You didn't know any spells.
Your spell library contained the following spells:

 Spells                   Type           Power      Damage    Failure   Level
 Summon Small Mammal      Summ           0%         N/A       41%         1
 Call Canine Familiar     Summ           0%         N/A       78%         3
 Summon Guardian Golem    Hex/Summ       0%         N/A       78%         3


Dungeon Overview and Level Annotations

Branches:
Dungeon (5/15)             Temple (1/1) D:4

Altars:
Cheibriados
Elyvilon
Fedhas
Gozag
Makhleb
Nemelex Xobeh
Qazlal
Sif Muna
Trog
Vehumet
Yredelemnul
The Shining One

Annotations:
D:3 1 runed translucent door


Innate Abilities, Weirdness & Mutations

You are a hulking beast.
Your limbs bulge with bestial killing power. (Slay +2)
You have extremely sharp teeth.
Your natural rate of healing is unusually fast.
When hurt, damage is shared between your health and your magic reserves.
Your bite disrupts and absorbs the magic of your enemies.
Potions cannot restore your health.


Message History

The hound is almost dead.
The hound misses you.
You barely miss the hound.
The hound is almost dead.
The hound bites you but does no damage.
You punch the hound!
You kill the hound!
You now have 258 gold pieces (gained 3).
H - a scroll labelled ZYMED AHIUPEI A scorpion comes into view.
Found a stone staircase leading down.
You closely miss the scorpion. You bite the scorpion. You drain its power.
The scorpion is moderately wounded.
The scorpion stings you.
You are poisoned.
The scorpion poisons you! The scorpion stings you.
You barely miss the scorpion. Your bite misses the scorpion.
The scorpion is moderately wounded.
You feel sick.
The scorpion stings you but does no damage.
You hit the scorpion but do no damage.
The scorpion is moderately wounded.
You feel sick. The scorpion stings you.
You punch the scorpion! Your bite misses the scorpion.
The scorpion is severely wounded.
You feel sick. The scorpion stings you.
You hit the scorpion but do no damage. Your bite misses the scorpion.
The scorpion is severely wounded.
The scorpion stings you.
* * * LOW HITPOINT WARNING * * *
You are too injured to fight recklessly!
You are too injured to fight recklessly!
You barely miss the scorpion.
The scorpion is severely wounded.
You feel sick. The scorpion stings you.
* * * LOW MAGIC WARNING * * *
* * * LOW HITPOINT WARNING * * *
You barely miss the scorpion.
The scorpion is severely wounded.
You feel sick. The scorpion barely misses you.
You barely miss the scorpion.
The scorpion is severely wounded.
You feel sick.
The scorpion stings you but does no damage.
You hit the scorpion. You bite the scorpion.
You kill the scorpion!
You feel sick.
You are no longer poisoned.
Your Fighting skill increases to level 3!
You now have 262 gold pieces (gained 4).
You start resting.
HP restored.
Magic restored.
Found a dagger.
An orc wizard comes into view. It is wielding a +0 dagger.
The orc wizard shouts!
You hear a shout!
An orc comes into view. It is wielding a +0 flail.
The orc wizard casts a spell at you.
You easily resist.
An orc priest comes into view. It is wielding a +0 war axe.
The orc priest shouts!
You hear an angry hiss.
An adder comes into view.
You hit the orc wizard. You bite the orc wizard.
The orc wizard's magic leaks into the air.
You drain its magic.
The orc wizard is heavily wounded.
The orc wizard hits you but does no damage.
You hit the orc wizard but do no damage.
You bite the orc wizard.
The orc wizard's magic leaks into the air.
You drain its magic.
The orc wizard is severely wounded.
The orc barely misses you. The orc wizard closely misses you.
You hit the orc wizard. Your bite misses the orc wizard.
The orc wizard is almost dead.
The orc barely misses you.
The orc wizard hits you with a +0 dagger.
You punch the orc wizard!
You kill the orc wizard!
The orc hits you with a +0 flail!
The orc priest mumbles some strange prayers to Beogh against you.
Beogh smites you!
Things that are here:
4 gold pieces; a +0 dagger; a +0 robe You hit the orc priest but do no damage.
You bite the orc priest. You drain its power.
You feel invigorated.
The orc priest is moderately wounded.
The orc hits you but does no damage.
The orc priest hits you with a +0 war axe!
* * * LOW MAGIC WARNING * * *
* * * LOW HITPOINT WARNING * * *
You punch the orc priest!
The orc priest is severely wounded.
The orc hits you with a +0 flail!
* * * LOW MAGIC WARNING * * *
* * * LOW HITPOINT WARNING * * *
The orc priest hits you with a +0 war axe!
* * * LOW MAGIC WARNING * * *
You die...
Your body crumbles into a pile of gold.

... #.# ... #.# .# #.#
#.# ..> #.# #.# ..# # #
#.# #.# ..# ##.#.##S#
#.# #.# .)....oo####.#
#.#
#....h..##.#######.##
#...................#
.........###########..#
.....###.# ######..##
..... #.. ..........
##.. #.## #####...##
#.. ..# #...# ##. ###
#...# #...#


You could see an orc priest, an adder and an orc.

Vanquished Creatures
  2 scorpions (D:5)
  A hound (D:5)
  A gnoll bouda (D:4)
  An orc wizard (D:5)
  4 gnolls (D:4)
  8 adders
  2 worms
  A dart slug (D:4)
  4 bats
  8 endoplasms
  6 giant cockroaches
  5 goblins
  10 hobgoblins
  3 jackals (D:1)
  2 quokkas
  19 ball pythons
  3 frilled lizards
  8 kobolds
  8 rats
96 creatures vanquished.

Notes
Turn   | Place    | Note
-------+----------+-------------------------------------------
     0 | D:1      | Firecrotchwizard the Vine Stalker Shapeshifter began the
                  | quest for the Orb.
     0 | D:1      | Reached XP level 1. HP: 9/9 MP: 2/2
    73 | D:1      | Reached skill level 1 in Fighting
   123 | D:1      | Reached XP level 2. HP: 14/14 MP: 3/3
   291 | D:1      | Reached XP level 3. HP: 16/18 MP: 2/4
   804 | D:2      | Reached skill level 4 in Unarmed Combat
   804 | D:2      | Reached XP level 4. HP: 23/23 MP: 5/5
  1464 | D:3      | Reached XP level 5. HP: 26/26 MP: 6/6
  1571 | D:3      | Found a runed translucent door.
  1571 | D:3      | Noticed a human
  1575 | D:3      | Found a basalt altar of Yredelemnul.
  1701 | D:3      | Found a glowing golden altar of the Shining One.
  2044 | D:4      | Found a staircase to the Ecumenical Temple.
  2051 | Temple   | Entered the Ecumenical Temple
  2072 | Temple   | Became a worshipper of Gozag Ym Sagoz the Greedy
  2363 | D:4      | Reached skill level 5 in Unarmed Combat
  2566 | D:4      | Reached XP level 6. HP: 32/32 MP: 7/7
  2863 | D:5      | Entered Level 5 of the Dungeon
  3075 | D:5      | Slain by an orc priest

Illustrated notes

Levels and vault maps discovered:
D:1:      dpeg_arrival_stone_temple_mockup, layout_basic,
          hangedman_decor_clover_reticule
D:2:      minmay_diamond_boxcup, layout_basic
D:3:      layout_loops_cross, dk_yredelemnul_ordeal,
          nicolae_overflow_crystal_walls, minmay_snake_closets
D:4:      layout_cave_pods, minmay_temple_entry_arrows, minmay_misc_feat_doors,
          nicolae_elevator_lobby_asterisk
D:5:      layout_loops_ring, minmay_strange_pillars
Temple:   dpeg_chambers_temple

Skill      XL: |  1  2  3  4  5  6 |
---------------+-------------------+-----
Fighting       | 1 2 3 |  3.0
Unarmed Combat | 4 5 |  5.7
Shapeshifting  | 4 |  4.3
Dodging        | |  1.5

Action                     |  1- 3 |  4- 6 || total
---------------------------+-------+-------++-------
  Melee: Unarmed           |    97 |   137 ||   234
         Bite              |    16 |    37 ||    53
         Punch             |     2 |     4 ||     6
   Stab: Sleeping          |       |     1 ||     1
 Armour: Leather armour    |    28 |    66 ||    94
         Ring mail         |    37 |       ||    37
  Dodge: Dodged            |    61 |    62 ||   123

Table legend: (Time is in decaauts)
 A = Elapsed time spent in this place.
 B = Non-inter-level travel time spent in this place.
 C = Inter-level travel time spent in this place.
 D = Time resting spent in this place.
 E = Time spent auto-exploring this place.
 F = Levels seen in this place.
 G = Mean time per level.
                   A        B        C        D        E       F      G
               +--------+--------+--------+--------+--------+-----+--------+
         Total |   3055 |   2922 |    133 |     28 |   2284 |   6 |  509.2 |
       Dungeon |   3012 |   2920 |     92 |     28 |   2284 |   5 |  602.4 |
        Temple |     42 |      1 |     41 |      0 |      0 |   1 |   42.0 |
               +--------+--------+--------+--------+--------+-----+--------+

Top non-repeatable levels by time:
     D:4: 882 daAuts
     D:3: 703 daAuts
     D:2: 618 daAuts
     D:1: 599 daAuts
     D:5: 209 daAuts
  Temple: 42 daAuts
